TOP OF THE 1ST |
Illinois Fighting Illini batting - Pitching for Oklahoma State Cowboys : RHP Ron Owen
|
Pitching: RHP Ron Owen
|
|
Batting: SHB Shannon Cline
|
0-0: Called Strike 0-1: Ball 1-1: Swinging Strike 1-2: Strikes out looking
|
Batting: RHB Jon Foster
|
0-0: Ball 1-0: Called Strike 1-1: Ball 2-1: Ground out 5-3 (Groundball, 5L)
|
Batting: RHB Benoît Vigneault
|
0-0: Called Strike 0-1: Ball 1-1: Foul Ball, location: 2F 1-2: Foul Ball, location: 2F 1-2: Foul Ball, location: 2F 1-2: Ball 2-2: Strikes out swinging
|
Top of the 1st over - 0 run(s), 0 hit(s), 0 error(s), 0 left on base; Illinois 0 - Oklahoma State 0 |
BOTTOM OF THE 1ST |
Oklahoma State Cowboys batting - Pitching for Illinois Fighting Illini : RHP Leonard Clements
|
Pitching: RHP Leonard Clements
|
|
Batting: RHB Larry Young
|
0-0: Ball 1-0: Ball 2-0: Foul Ball, location: 2F 2-1: Swinging Strike 2-2: Strikes out swinging
|
Batting: LHB Cristián Rodríguez
|
0-0: Fly out, F9 (Flyball, 89M)
|
Batting: RHB John Lynch
|
0-0: Called Strike 0-1: Ball 1-1: Called Strike 1-2: Foul Ball, location: 2F 1-2: Ground out 5-3 (Groundball, 56S)
|
Bottom of the 1st over - 0 run(s), 0 hit(s), 0 error(s), 0 left on base; Illinois 0 - Oklahoma State 0 |
TOP OF THE 2ND |
Illinois Fighting Illini batting - Pitching for Oklahoma State Cowboys : RHP Ron Owen
|
Batting: LHB John Miller
|
0-0: Ball 1-0: SOLO HOME RUN (Line Drive, 9LD), Distance : 337 ft
|
Batting: RHB Jesús Vélez
|
0-0: Ball 1-0: Called Strike 1-1: Fly out, F4 (Flyball, 34D)
|
Batting: RHB Ryan Draper
|
0-0: Fly out, F6 (Line Drive, 6)
|
Batting: RHB Fernando Núñez
|
0-0: Ball 1-0: Foul Ball, location: 2F 1-1: Ground out 4-3 (Groundball, 4)
|
Top of the 2nd over - 1 run(s), 1 hit(s), 0 error(s), 0 left on base; Illinois 1 - Oklahoma State 0 |
BOTTOM OF THE 2ND |
Oklahoma State Cowboys batting - Pitching for Illinois Fighting Illini : RHP Leonard Clements
|
Batting: LHB Bill Bryan
|
0-0: Fly out, F6 (Popup, 5D)
|
Batting: RHB Augusto Padilla
|
0-0: Ball 1-0: Swinging Strike 1-1: Called Strike 1-2: SINGLE (Line Drive, 4M)
|
Batting: SHB Ernest Hood
|
0-0: Called Strike Augusto Padilla steals 2nd base 0-1: Ball 1-1: SINGLE (Groundball, 56) (infield hit) Augusto Padilla to third
|
Batting: LHB César Colón
|
0-0: Called Strike 0-1: Called Strike Ernest Hood steals 2nd base 0-2: Foul Ball, location: 2F 0-2: Ball 1-2: Foul Ball, location: 2F 1-2: Ball 2-2: Ball 3-2: SINGLE (Flyball, 7S) Augusto Padilla scores Ernest Hood to third Runner from 3rd tries for Home, SAFE, no throw
|
Batting: LHB Horace Kramer
|
0-0: Ball 1-0: Fly out, F9 (Flyball, 89S)
|
Batting: RHB Burt Sharp
|
0-0: SINGLE (Groundball, 6MD) César Colón to second
|
Batting: RHB Larry Young
|
0-0: Fly out, F8 (Flyball, 8LM)
|
Bottom of the 2nd over - 2 run(s), 4 hit(s), 0 error(s), 2 left on base; Illinois 1 - Oklahoma State 2 |
TOP OF THE 3RD |
Illinois Fighting Illini batting - Pitching for Oklahoma State Cowboys : RHP Ron Owen
|
Batting: RHB Alfonso Reyes
|
0-0: Ball 1-0: Called Strike 1-1: Swinging Strike 1-2: Ball 2-2: Strikes out looking
|
Batting: RHB Alonso Durán
|
0-0: Called Strike 0-1: Ball 1-1: Ball 2-1: Ball 3-1: Fly out, F7 (Flyball, 78M)
|
Batting: SHB Shannon Cline
|
0-0: Ball 1-0: Swinging Strike 1-1: Ball 2-1: Ball 3-1: Swinging Strike 3-2: Foul Ball, location: 2F 3-2: Strikes out swinging
|
Top of the 3rd over - 0 run(s), 0 hit(s), 0 error(s), 0 left on base; Illinois 1 - Oklahoma State 2 |
BOTTOM OF THE 3RD |
Oklahoma State Cowboys batting - Pitching for Illinois Fighting Illini : RHP Leonard Clements
|
Batting: LHB Cristián Rodríguez
|
0-0: Ball 1-0: Foul Ball, location: 2F 1-1: Swinging Strike 1-2: Strikes out swinging
|
Batting: RHB John Lynch
|
0-0: Called Strike 0-1: Ball 1-1: Ground out 6-3 (Groundball, 6)
|
Batting: LHB Bill Bryan
|
0-0: Ball 1-0: Called Strike 1-1: Ball 2-1: Called Strike 2-2: Ball 3-2: Foul Ball, location: 2F 3-2: Ground out 6-3 (Groundball, 6)
|
Bottom of the 3rd over - 0 run(s), 0 hit(s), 0 error(s), 0 left on base; Illinois 1 - Oklahoma State 2 |
TOP OF THE 4TH |
Illinois Fighting Illini batting - Pitching for Oklahoma State Cowboys : RHP Ron Owen
|
Batting: RHB Jon Foster
|
0-0: Called Strike 0-1: Foul Ball, location: 2F 0-2: Strikes out swinging
|
Batting: RHB Benoît Vigneault
|
0-0: Foul Ball, location: 2F 0-1: Ball 1-1: SINGLE (Groundball, 6MD)
|
Batting: LHB John Miller
|
0-0: Ball 1-0: Ball 2-0: Called Strike 2-1: Ball 3-1: SINGLE (Groundball, 4D) Benoît Vigneault to second Runner from 2nd tries for 3rd, OUT!
|
Batting: RHB Jesús Vélez
|
0-0: Called Strike 0-1: Ball 1-1: Ball 2-1: Called Strike 2-2: 2-RUN HOME RUN (Flyball, 9LD), Distance : 323 ft
|
Batting: RHB Ryan Draper
|
0-0: Called Strike 0-1: SOLO HOME RUN (Flyball, 78XD), Distance : 366 ft
|
Batting: RHB Fernando Núñez
|
0-0: Ball 1-0: Ball 2-0: Called Strike 2-1: Fly out, F4 (Popup, 4D)
|
Top of the 4th over - 3 run(s), 4 hit(s), 0 error(s), 0 left on base; Illinois 4 - Oklahoma State 2 |
BOTTOM OF THE 4TH |
Oklahoma State Cowboys batting - Pitching for Illinois Fighting Illini : RHP Leonard Clements
|
Batting: RHB Augusto Padilla
|
0-0: Ground out 4-3 (Groundball, 4M)
|
Batting: SHB Ernest Hood
|
0-0: Fly out, F8 (Flyball, 8LS)
|
Batting: LHB César Colón
|
0-0: Ball 1-0: Called Strike 1-1: Foul Ball, location: 2F 1-2: Strikes out swinging, 2-3 out at first.
|
Bottom of the 4th over - 0 run(s), 0 hit(s), 0 error(s), 0 left on base; Illinois 4 - Oklahoma State 2 |
TOP OF THE 5TH |
Illinois Fighting Illini batting - Pitching for Oklahoma State Cowboys : RHP Ron Owen
|
Batting: RHB Alfonso Reyes
|
0-0: Called Strike 0-1: Foul Ball, location: 2F 0-2: Foul Ball, location: 2F 0-2: Ball 1-2: Ball 2-2: Ball 3-2: Foul Ball, location: 2F 3-2: Ground out 5-3 (Groundball, 56S)
|
Batting: RHB Alonso Durán
|
0-0: Ball 1-0: Foul Ball, location: 2F 1-1: Ball 2-1: Ball 3-1: Base on Balls
|
Batting: SHB Shannon Cline
|
0-0: SINGLE (Flyball, 6MD) Alonso Durán to second
|
Batting: RHB Jon Foster
|
0-0: Ball 1-0: Foul Ball, location: 2F 1-1: Foul Ball, location: 2F 1-2: Ball 2-2: Foul Ball, location: 2F 2-2: Strikes out looking
|
Pitching: RHP Stu Morris
|
|
Batting: RHB Benoît Vigneault
|
0-0: Called Strike 0-1: Ground out 3-1 (Groundball, 34)
|
Top of the 5th over - 0 run(s), 1 hit(s), 0 error(s), 2 left on base; Illinois 4 - Oklahoma State 2 |
BOTTOM OF THE 5TH |
Oklahoma State Cowboys batting - Pitching for Illinois Fighting Illini : RHP Leonard Clements
|
Batting: LHB Horace Kramer
|
0-0: Ball 1-0: Fly out, F7 (Flyball, 7LMF)
|
Batting: RHB Burt Sharp
|
0-0: Ball 1-0: Ball 2-0: Foul Ball, location: 2F 2-1: Swinging Strike 2-2: Fly out, F3 (Line Drive, 3S)
|
Batting: RHB Larry Young
|
0-0: Called Strike 0-1: Fly out, F2 (Popup, 23)
|
Bottom of the 5th over - 0 run(s), 0 hit(s), 0 error(s), 0 left on base; Illinois 4 - Oklahoma State 2 |
TOP OF THE 6TH |
Illinois Fighting Illini batting - Pitching for Oklahoma State Cowboys : RHP Stu Morris
|
Batting: LHB John Miller
|
0-0: Ball 1-0: SINGLE (Line Drive, 8LS)
|
Batting: RHB Jesús Vélez
|
0-0: Ball 1-0: Foul Ball, location: 2F 1-1: Foul Ball, location: 2F 1-2: Ball 2-2: Strikes out swinging
|
Batting: RHB Ryan Draper
|
0-0: Ball 1-0: Ball 2-0: Ball 3-0: Called Strike 3-1: Base on Balls John Miller to second
|
Batting: RHB Fernando Núñez
|
0-0: Called Strike 0-1: Grounds into double play, 6-4-3 (Groundball, 6)
|
Top of the 6th over - 0 run(s), 1 hit(s), 0 error(s), 1 left on base; Illinois 4 - Oklahoma State 2 |
BOTTOM OF THE 6TH |
Oklahoma State Cowboys batting - Pitching for Illinois Fighting Illini : RHP Leonard Clements
|
Batting: LHB Cristián Rodríguez
|
0-0: Foul Ball, location: 2F 0-1: Foul Ball, location: 2F 0-2: Ball 1-2: Strikes out swinging
|
Batting: RHB John Lynch
|
0-0: Foul Ball, location: 2F 0-1: Reached on error, E5 (Groundball, 5L)
|
Batting: LHB Bill Bryan
|
0-0: Ball 1-0: Called Strike 1-1: Foul Ball, location: 2F 1-2: Ball 2-2: Ground out U3 (Groundball, 34) John Lynch to third
|
Batting: RHB Augusto Padilla
|
0-0: Ball 1-0: Ball 2-0: SINGLE (Groundball, 34D) John Lynch scores
|
Batting: SHB Ernest Hood
|
0-0: Called Strike 0-1: Foul Ball, location: 2F 0-2: Reached via error on a dropped throw, E3 Augusto Padilla to second
|
Batting: LHB César Colón
|
0-0: Ball 1-0: Ball 2-0: Ball 3-0: Called Strike 3-1: Called Strike 3-2: Base on Balls Augusto Padilla to third Ernest Hood to second
|
Pitching: RHP Arnold Jacobson
|
|
Batting: LHB Horace Kramer
|
0-0: Ball 1-0: Ball 2-0: Ball 3-0: Base on Balls Augusto Padilla scores Ernest Hood to third César Colón to second
|
Batting: RHB Burt Sharp
|
0-0: Called Strike 0-1: Ground out U3 (Groundball, 34)
|
Bottom of the 6th over - 2 run(s), 1 hit(s), 2 error(s), 3 left on base; Illinois 4 - Oklahoma State 4 |
TOP OF THE 7TH |
Illinois Fighting Illini batting - Pitching for Oklahoma State Cowboys : RHP Stu Morris
|
Batting: RHB Alfonso Reyes
|
0-0: Ball 1-0: Ball 2-0: Fly out, F8 (Line Drive, 8LM)
|
Batting: RHB Alonso Durán
|
0-0: Called Strike 0-1: Called Strike 0-2: Strikes out swinging
|
Batting: SHB Shannon Cline
|
0-0: Ball 1-0: Foul Ball, location: 2F 1-1: Ball 2-1: Swinging Strike 2-2: Ball 3-2: Fly out, F9 (Flyball, 89M)
|
Top of the 7th over - 0 run(s), 0 hit(s), 0 error(s), 0 left on base; Illinois 4 - Oklahoma State 4 |
BOTTOM OF THE 7TH |
Oklahoma State Cowboys batting - Pitching for Illinois Fighting Illini : RHP Arnold Jacobson
|
Batting: RHB Larry Young
|
0-0: Called Strike 0-1: Swinging Strike 0-2: Strikes out looking
|
Batting: LHB Cristián Rodríguez
|
0-0: Foul Ball, location: 2F 0-1: Ball 1-1: Foul Ball, location: 2F 1-2: Foul Ball, location: 2F 1-2: Foul Ball, location: 2F 1-2: Ball 2-2: Foul Ball, location: 2F 2-2: Ball 3-2: Foul Ball, location: 2F 3-2: Strikes out swinging
|
Batting: RHB John Lynch
|
0-0: Called Strike 0-1: Swinging Strike 0-2: Ball 1-2: Ball 2-2: DOUBLE (Line Drive, 89M)
|
Batting: LHB Bill Bryan
|
0-0: Ball 1-0: Called Strike 1-1: Ball 2-1: SINGLE (Groundball, 5D) John Lynch to third Runner from 3rd tries for Home, SAFE, no throw
|
Batting: RHB Augusto Padilla
|
0-0: 2-RUN HOME RUN (Line Drive, 78XD), Distance : 388 ft
|
Batting: SHB Ernest Hood
|
0-0: Ball 1-0: Foul Ball, location: 2F 1-1: Swinging Strike 1-2: Foul Ball, location: 2F 1-2: Foul Ball, location: 2F 1-2: DOUBLE (Line Drive, 89M)
|
Pitching: LHP Mark Andrews
|
|
Batting: LHB César Colón
|
0-0: Foul Ball, location: 2F 0-1: Ball 1-1: Called Strike 1-2: Ground out 1-3 (Groundball, 13S)
|
Bottom of the 7th over - 3 run(s), 4 hit(s), 0 error(s), 1 left on base; Illinois 4 - Oklahoma State 7 |
TOP OF THE 8TH |
Illinois Fighting Illini batting - Pitching for Oklahoma State Cowboys : RHP Stu Morris
|
Batting: RHB Jon Foster
|
0-0: Called Strike 0-1: Ball 1-1: Called Strike 1-2: Ground out 6-3 (Groundball, 6)
|
Batting: RHB Benoît Vigneault
|
0-0: Ball 1-0: Called Strike 1-1: Ground out 6-3 (Groundball, 6)
|
Batting: LHB John Miller
|
0-0: Ball 1-0: Ball 2-0: Called Strike 2-1: Hit by Pitch
|
Batting: RHB Jesús Vélez
|
0-0: Ball 1-0: Called Strike 1-1: Foul Ball, location: 2F 1-2: Foul Ball, location: 2F 1-2: Reached on error, E8 (Flyball, 8RS) John Miller to third
|
Batting: RHB Ryan Draper
|
0-0: Swinging Strike 0-1: Foul Ball, location: 2F 0-2: Strikes out swinging
|
Top of the 8th over - 0 run(s), 0 hit(s), 1 error(s), 2 left on base; Illinois 4 - Oklahoma State 7 |
BOTTOM OF THE 8TH |
Oklahoma State Cowboys batting - Pitching for Illinois Fighting Illini : LHP Mark Andrews
|
Batting: LHB Horace Kramer
|
0-0: SINGLE (Line Drive, 6MD)
|
Batting: RHB Burt Sharp
|
0-0: Sac Bunt - play at first, batter OUT! U3 Horace Kramer to second
|
Batting: RHB Larry Young
|
0-0: Ball 1-0: Ball 2-0: Ball 3-0: Called Strike 3-1: Base on Balls
|
Batting: LHB Cristián Rodríguez
|
0-0: Ball 1-0: Ball 2-0: Fly out, F7 (Flyball, 7)
|
Batting: RHB John Lynch
|
0-0: Ball 1-0: Called Strike 1-1: Ball 2-1: Ball 3-1: Foul Ball, location: 2F 3-2: Base on Balls Horace Kramer to third Larry Young to second
|
Batting: LHB Bill Bryan
|
0-0: Called Strike 0-1: Ground out U3 (Groundball, 34)
|
Bottom of the 8th over - 0 run(s), 1 hit(s), 0 error(s), 3 left on base; Illinois 4 - Oklahoma State 7 |
TOP OF THE 9TH |
Illinois Fighting Illini batting - Pitching for Oklahoma State Cowboys : RHP Stu Morris
|
Pitching: LHP Dave Lewis
|
|
Batting: RHB Fernando Núñez
|
0-0: Ball 1-0: Ball 2-0: Ball 3-0: Called Strike 3-1: Swinging Strike 3-2: Base on Balls
|
Batting: RHB Alfonso Reyes
|
0-0: Ball Wild Pitch! Fernando Núñez to second 1-0: Ball 2-0: Ball 3-0: Called Strike 3-1: Base on Balls
|
Batting: RHB Alonso Durán
|
0-0: Swinging Strike 0-1: Ball 1-1: Swinging Strike 1-2: Ball 2-2: Ball 3-2: Foul Ball, location: 2F 3-2: Base on Balls Fernando Núñez to third Alfonso Reyes to second
|
Batting: SHB Shannon Cline
|
0-0: Ball 1-0: Fielders Choice at 2nd, 6-4 (Groundball, 6) Fernando Núñez scores Alfonso Reyes to third
|
Batting: RHB Jon Foster
|
0-0: Called Strike 0-1: Swinging Strike 0-2: Strikes out swinging
|
Batting: RHB Benoît Vigneault
|
0-0: Foul Ball, location: 2F 0-1: Foul Ball, location: 2F 0-2: Strikes out swinging
|
Top of the 9th over - 1 run(s), 0 hit(s), 0 error(s), 2 left on base; Illinois 5 - Oklahoma State 7 |
|